 Dungeon Crawl Stone Soup version 0.30-a0-1035-g38d5fb2972 (webtiles) character file.

Game seed: 3553776085475965604

2423 FlurksSlurper the Covered (level 9, 0/65 HPs)
             Began as a Demonspawn Gladiator on Apr 8, 2023.
             Was an Initiate of Gozag.
             Killed by divine providence
             ... invoked by an orc priest
              (9 damage)
             ... on level 7 of the Dungeon.
             The game lasted 00:19:58 (7085 turns).

FlurksSlurper the Covered (Demonspawn Gladiator)    Turns: 7085, Time: 00:20:01

Health: 0/65       AC: 17    Str: 15    XL:     9   Next: 24%
Magic:  14/14      EV:  7    Int: 17    God:    Gozag
Gold:   1194       SH:  0    Dex: 17    Spells: 11/14 levels left

rFire   . . .      SeeInvis .    r - +4 short sword (venom)
rCold   . . .      Faith    .    (no shield)
rNeg    . . .      Spirit   .    j - +0 plate armour
rPois   .          Reflect  .    b - +0 helmet
rElec   .          Rampage  .    (no cloak)
rCorr   .                        I - +2 pair of gloves
Will    .....                    (no boots) Stlth
                                 (no amulet)
HPRegen 0.30/turn                E - +6 ring of intelligence
MPRegen 0.14/turn                (no ring)

@: about to teleport, gold aura, hasted, very quick
A: hooves 1, sturdy frame 1, demonic magic 2
a: Renounce Religion, Potion Petition, Call Merchant, Bribe Branch


You were on level 7 of the Dungeon.
You worshipped Gozag.
Gozag was most pleased with you.
You visited 1 branch of the dungeon, and saw 7 of its levels.

You collected 1363 gold pieces.
You spent 69 gold pieces at shops.
You paid 100 gold pieces to Gozag.

Inventory:

Hand Weapons
 r - a +4 short sword of venom (weapon)
 y - a +2 scimitar of distortion
Missiles
 c - 5 throwing nets (quivered)
 h - a javelin
 D - 10 poisoned darts
 G - 2 silver boomerangs
Armour
 b - a +0 helmet (worn)
 j - a +0 plate armour (worn)
 I - a +2 pair of gloves (worn)
Magical Staves
 t - a staff of air
Jewellery
 E - a +6 ring of intelligence (left hand)
 F - an amulet of guardian spirit
Wands
 w - a wand of charming (21)
 K - a wand of roots (2)
Scrolls
 e - 4 scrolls of teleportation
 f - 2 scrolls of fog {unknown}
 k - 4 scrolls of identify {unknown}
 l - a scroll of butterflies {unknown}
 m - 2 scrolls of magic mapping {unknown}
 p - a scroll of immolation {unknown}
 s - a scroll of silence {unknown}
 v - 3 scrolls of blinking {unknown}
 A - a scroll of noise {unknown}
 B - 2 scrolls of poison {unknown}
 C - a scroll of enchant weapon {unknown}
 J - a scroll of fear {unknown}
Potions
 a - a potion of cancellation {unknown}
 d - 2 potions of curing
 g - a potion of degeneration {unknown}
 n - a potion of ambrosia {unknown}
 o - a potion of mutation {unknown}
 q - 3 potions of attraction {unknown}
 u - a potion of magic {unknown}
 x - 5 potions of heal wounds {unknown}
 z - a potion of flight {unknown}
 H - 2 potions of brilliance
 L - a potion of experience {unknown}
 M - 2 potions of invisibility {unknown}


   Skills:
 * Level 3.9 Fighting
 + Level 4.1 Short Blades
 + Level 2.7 Throwing
 * Level 6.1 Armour
 + Level 3.9 Dodging
 + Level 0.9 Stealth
 + Level 4.3 Unarmed Combat
 * Level 3.3 Spellcasting
 * Level 3.6 Conjurations
 * Level 3.0 Poison Magic


You had 11 spell levels left.
You knew the following spells:

 Your Spells              Type           Power      Damage    Failure   Level
a - Mephitic Cloud        Conj/Pois/Air  10%        N/A       99%         3

Your spell library contained the following spells:

 Spells                   Type           Power      Damage    Failure   Level
 Poisonous Vapours        Pois/Air       14%        N/A       97%         2
 Fireball                 Conj/Fire      4%         3d4       100%        5
 Freezing Cloud           Conj/Ice/Air   3%         6-21      100%        5
 Iskenderun's Battlesphe  Conj           15%        2d7       100%        5
 Conjure Ball Lightning   Conj/Air       4%         3x3d6     100%        6
 Orb of Destruction       Conj           7%         9d6       100%        7


Dungeon Overview and Level Annotations

Branches:
Dungeon (7/15)             Temple (0/1) D:6

Altars:
Ashenzari
Dithmenos
Gozag
Kikubaaqudgha
Qazlal
Sif Muna

Shops:
D:4 *   D:6 :

Annotations:
D:5 2 transporters, Ignak's ghost, novice OgHW
D:6 3 runed translucent doors, Gynju's ghost, novice MiFi


Innate Abilities, Weirdness & Mutations

You have large cloven feet.
Your movements are slightly less encumbered by armour. (ER -2)
Spells you cast may paralyse nearby enemies.


Message History

You kick the howler monkey, but do no damage.
The howler monkey is almost dead.
You kill the howler monkey!
The orc barely misses you.
You see here 13 gold pieces.
You hit the orc.
The orc is poisoned.
The orc is almost dead.
You kill the orc!
You hit the orc.
The orc is poisoned.
You kick the orc.
You kill the orc!
An orc priest comes into view. It is wielding a +0 dagger.
You closely miss the orc warrior. You kick the orc warrior.
The orc warrior is lightly wounded.
The orc warrior hits you but does no damage.
The orc priest begins to cast a cantrip, but forgets the words!
You hit the orc warrior.
The orc warrior is poisoned.
Your kick misses the orc warrior.
The orc warrior is lightly wounded.
The orc priest invokes the aid of Beogh against you.
Pain shoots through your body!
The orc priest invokes the aid of Beogh against you.
Pain shoots through your body!
* * * LOW HITPOINT WARNING * * *
You feel yourself speed up.
The orc priest hits you but does no damage.
The orc warrior hits you with a +0 flail.
* * * LOW HITPOINT WARNING * * *
Okay, then.
As you read the scroll of teleportation, it crumbles to dust.
You feel strangely unstable.
The orc warrior hits you with a +0 flail.
* * * LOW HITPOINT WARNING * * *
The orc priest barely misses you.
You hit the orc priest.
The orc priest is poisoned.
You kick the orc priest.
The orc priest is moderately wounded.
The orc warrior hits you but does no damage.
The orc priest invokes the aid of Beogh against you.
Beogh smites you!
You die...
Your body crumbles into a pile of gold.

.#....Y$.# #.#.#
#...##..# #.#.#
#......o###.#.#
........ho.#.#.####
...........h.........
#..#......o......###
#..................#
####..###o####.#####
.......@oY$.#
#..###.###### ##


You could see an orc warrior (poisoned), a sky beast and an orc priest (very
poisoned).

Vanquished Creatures
  Grinder (D:4)
  Eustachio (D:5)
  An orc warrior (D:4)
  A black bear (D:6)
  An ice beast (D:6)
  2 ogres
  2 phantoms
  Blork the orc (D:4)
  2 bullfrogs
  4 howler monkeys (D:7)
  5 jellies
  2 orc priests (D:5)
  A sleepcap (D:5)
  4 hounds
  6 iguanas
  Ijyb (D:4)
  4 orc wizards
  Robin (D:4)
  25 gnolls
  7 adders
  A white imp (D:5)
  An ufetubus (D:4)
  2 worms
  35 orcs
  7 ball pythons
  7 endoplasms
  4 giant cockroaches
  21 goblins
  7 hobgoblins
  16 jackals (D:3)
  15 kobolds
  7 quokkas
  5 bats
  5 frilled lizards
  5 rats
210 creatures vanquished.

Vanquished Creatures (others)
  7 fungi (D:2)
  A plant (D:3)
  3 toadstools (D:2)
11 creatures vanquished.

Grand Total: 221 creatures vanquished

Notes
Turn   | Place    | Note
-------+----------+-------------------------------------------
     0 | D:1      | FlurksSlurper the Demonspawn Gladiator began the quest for
                  | the Orb.
     0 | D:1      | Reached XP level 1. HP: 16/16 MP: 1/1
    91 | D:1      | Found a faded altar of an unknown god.
   120 | D:1      | Gained mutation: You have large cloven feet. [demonic
                  | ancestry]
   120 | D:1      | Reached XP level 2. HP: 16/22 MP: 2/2
   251 | D:1      | You fall into a shaft and drop 1 floor!
   533 | D:2      | Reached XP level 3. HP: 25/27 MP: 3/3
   622 | D:2      | Reached skill level 1 in Armour
   622 | D:2      | Gained mutation: Your movements are slightly less
                  | encumbered by armour. (ER -2) [demonic ancestry]
   622 | D:2      | Reached XP level 4. HP: 14/33 MP: 4/4
  1778 | D:3      | Learned a level 3 spell: Mephitic Cloud
  2145 | D:3      | Reached XP level 5. HP: 15/38 MP: 5/5
  2319 | D:3      | Found a shimmering blue altar of Sif Muna.
  2389 | D:3      | Found an ancient bone altar of Kikubaaqudgha.
  2395 | D:3      | Reached skill level 1 in Short Blades
  2451 | D:3      | Found a broken altar of Ashenzari.
  2451 | D:3      | Found an opulent altar of Gozag.
  2464 | D:3      | Became a worshipper of Gozag Ym Sagoz the Greedy
  2569 | D:3      | Reached skill level 2 in Armour
  2714 | D:3      | Noticed an ogre
  2732 | D:3      | Reached XP level 6. HP: 20/44 MP: 6/6
  3346 | D:3      | Found a stormy altar of Qazlal.
  3351 | D:3      | Found a shadowy altar of Dithmenos.
  3406 | D:3      | Reached skill level 1 in Spellcasting
  3406 | D:3      | Reached skill level 1 in Conjurations
  3645 | D:4      | Identified the +0 helmet of the Old World {Str+4}
  3645 | D:4      | Noticed Robin
  3647 | D:4      | Noticed Blork the orc
  3648 | D:4      | Gained mutation: Spells you cast may paralyse adjacent
                  | enemies. [demonic ancestry]
  3648 | D:4      | Reached XP level 7. HP: 51/51 MP: 9/9
  3650 | D:4      | Found Orisaum's Assorted Antiques.
  3652 | D:4      | Killed Robin
  3653 | D:4      | Reached skill level 3 in Armour
  3686 | D:4      | Killed Blork the orc
  3692 | D:4      | Noticed Ijyb
  3702 | D:4      | Killed Ijyb
  3867 | D:4      | Reached skill level 1 in Poison Magic
  3974 | D:4      | Bought a scroll labelled XARROE MOKLAMUPH for 23 gold
                  | pieces
  3974 | D:4      | Bought a scroll labelled FEMNIWKE ZYST for 23 gold pieces
  3974 | D:4      | Bought a scroll labelled ZYDYRGH NOICHOI for 23 gold pieces
  4118 | D:4      | Noticed Grinder
  4123 | D:4      | Paralysed by Grinder for 3 turns
  4142 | D:4      | Killed Grinder
  4387 | D:4      | Gained mutation: Spells you cast may paralyse nearby
                  | enemies. [demonic ancestry]
  4387 | D:4      | Reached XP level 8. HP: 58/58 MP: 11/11
  4460 | D:4      | Reached skill level 4 in Armour
  4937 | D:5      | Entered Level 5 of the Dungeon
  5097 | D:5      | Found a transporter.
  5281 | D:5      | Noticed Eustachio
  5296 | D:5      | Killed Eustachio
  5445 | D:5      | Reached skill level 5 in Armour
  5687 | D:5      | Found a transporter.
  5687 | D:5      | Noticed an ancient zyme
  5692 | D:5      | Noticed Ignak's ghost (novice OgHW)
  5696 | D:5      | Noticed a small abomination
  6393 | D:6      | Found a runed translucent gate.
  6394 | D:6      | Found a runed translucent gate.
  6395 | D:6      | Found a runed translucent gate.
  6401 | D:6      | Found a staircase to the Ecumenical Temple.
  6444 | D:6      | Reached XP level 9. HP: 64/64 MP: 13/13
  6589 | D:6      | Found Nepovol's Book Shop.
  6963 | D:6      | Noticed Gynju's ghost (novice MiFi)
  7056 | D:7      | Reached skill level 6 in Armour
  7085 | D:7      | Killed from afar by an orc priest

Illustrated notes

Levels and vault maps discovered:
D:1:      dpeg_arrival_fog, layout_rooms, hellmonk_ecumenical_altar_crossroads,
          minmay_misc_feat_four_crosses
D:2:      layout_basic, minmay_gold_behind_fungi, kennysheep_donut
D:3:      lemuel_castle_with_subvaults [lemuel_castle_interior_carwin_2],
          layout_basic, mainiacjoe_overflow_alcove_2, minitemple,
          gammafunk_temple_overflow_claw
D:4:      corexii_shantytown, layout_gridville, serial_shops, shop,
          kennysheep_dice, uniq_ijyb, uniq_grinder, uniq_robin,
          uniq_blork_the_orc
D:5:      layout_basic, gammafunk_ghost_abyssal_escape, uniq_eustachio
D:6:      layout_loops_ring, temple_statues, ebering_ghost_rock_garden,
          serial_shops, nicolae_shop_stone
D:7:      layout_basic, kennysheep_mini_moat

Skill      XL: |  1  2  3  4  5  6  7  8  9 |
---------------+----------------------------+-----
Unarmed Combat | 3 4 |  4.3
Dodging        | 3 |  3.9
Armour         | 1 2 3 5 6 |  6.1
Throwing       | 2 |  2.7
Short Blades   | 2 3 4 |  4.1
Spellcasting   | 1 2 3 |  3.3
Conjurations   | 1 2 3 |  3.6
Poison Magic   | 1 2 3 |  3.0
Fighting       | 3 |  3.9
Stealth        | |  0.9

Action                     |  1- 3 |  4- 6 |  7- 9 || total
---------------------------+-------+-------+-------++-------
  Melee: Unarmed           |    81 |    69 |       ||   150
         Kick              |    14 |    67 |   111 ||   192
         Punch             |     2 |     9 |     8 ||    19
         Short sword       |       |   172 |   335 ||   507
  Throw: Javelin           |     1 |       |       ||     1
         Dart              |       |     8 |    39 ||    47
    Use: Potion            |     3 |       |     1 ||     4
         Scroll            |       |       |     3 ||     3
   Stab: Distracted        |       |     2 |       ||     2
 Armour: Leather armour    |    16 |       |       ||    16
         Plate armour      |     9 |   184 |   202 ||   395
  Dodge: Dodged            |    36 |    81 |    88 ||   205

Table legend: (Time is in decaauts)
 A = Elapsed time spent in this place.
 B = Non-inter-level travel time spent in this place.
 C = Inter-level travel time spent in this place.
 D = Time resting spent in this place.
 E = Time spent auto-exploring this place.
 F = Levels seen in this place.
 G = Mean time per level.
                   A        B        C        D        E       F      G
               +--------+--------+--------+--------+--------+-----+--------+
         Total |   6985 |   6589 |    396 |    367 |   4489 |   7 |  997.9 |
       Dungeon |   6985 |   6589 |    396 |    367 |   4489 |   7 |  997.9 |
               +--------+--------+--------+--------+--------+-----+--------+

Top non-repeatable levels by time:
     D:3: 1922 daAuts
     D:4: 1358 daAuts
     D:5: 1148 daAuts
     D:2: 938 daAuts
     D:6: 824 daAuts
     D:1: 738 daAuts
     D:7: 54 daAuts
